 Dungeon Crawl Stone Soup version 0.17-a0-1648-g0a089d4 (webtiles) character file.

147 karlkraus the Shield-Bearer (level 5, 0/42 HPs)
             Began as a Formicid Fighter on Aug 12, 2015.
             Slain by Sigmund
             ... wielding a +2 scythe of flaming
              (1 damage)
             ... on level 2 of the Dungeon.
             The game lasted 00:04:10 (1651 turns).

karlkraus the Shield-Bearer (Formicid Fighter)      Turns: 1651, Time: 00:04:10

Health: 0/42       AC:  7    Str: 25    XL:     5   Next: 55%
Magic:  5/5        EV:  9    Int:  8    God:
Gold:   140        SH:  0    Dex: 11    Spells: 0 memorised, 4 levels left

rFire  x . .     SeeInvis +     a - +0 trident
rCold  + . .     Clarity  .     b - +0 scale mail
rNeg   . . .     SustAt   .     c - +0 shield
rPois  .         Gourm    .     (helmet unavailable)
rElec  .         Spirit   .     (no cloak)
rCorr  .         Warding  .     (no gloves)
rMut   .         Stasis   +     (no boots)
MR     .....                    (no amulet)
Stlth  ..........               (no ring)
                                i - ring of ice

@: confused, mighty, not resistant to hostile enchantments, extremely unstealthy
A: permanent stasis, dig shafts and tunnels, four strong arms, antennae 3
a: Dig, Shaft Self


You were on level 2 of the Dungeon.
You were near starving.

You visited 1 branch of the dungeon, and saw 4 of its levels.

You collected 140 gold pieces.

Inventory:

Hand weapons
 a - a +0 trident (weapon)
Armour
 b - a +0 scale mail (worn)
 c - a +0 shield (worn)
Jewellery
 i - a ring of ice (left hand)
Magical devices
 m - a wand of flame (9)
Scrolls
 h - 2 scrolls of magic mapping {unknown}
 j - a scroll of teleportation {unknown}
 k - a scroll of enchant weapon {unknown}
 l - a scroll of enchant armour {unknown}
 n - a scroll of identify {unknown}
 o - a scroll of noise {unknown}
Potions
 f - a potion of curing {unknown}
 g - 2 potions of brilliance {unknown}
Comestibles
 e - a bread ration
 p - a meat ration


   Skills:
 + Level 4.1 Fighting
 + Level 2.6 Polearms
 + Level 4.0 Armour
 + Level 1.6 Dodging
 + Level 0.3 Stealth
 + Level 4.6 Shields


You had 4 spell levels left.
You didn't know any spells.

Dungeon Overview and Level Annotations

Branches:
Dungeon (4/15)
 Temple: D:4-7

Altars:
The Shining One

Annotations:
D:2 Sigmund


Innate Abilities, Weirdness & Mutations

You are under a permanent stasis effect.
You can dig through walls and to a lower floor.
Your four strong arms can wield two-handed weapons with a shield.
You have a pair of large antennae on your head (SInv).


Message History

You are more confused.
You closely miss Sigmund.
Sigmund zaps a wand.
You resist with some effort.
Sigmund's eyes start glowing with a red light.
Sigmund hits you but does no damage.
Your shield and scale mail prevent you from hitting Sigmund.
Sigmund zaps a wand.
You resist with some effort. Sigmund closely misses you.
You see here a dagger.
You closely miss Sigmund. Sigmund barely misses you.
You closely miss Sigmund. Sigmund hits you but does no damage.
Sigmund zaps a wand.
You resist with some effort.
Sigmund zaps a wand.
You resist with some effort. Sigmund gestures at you while chanting.
The magic dart hits you!
* * * LOW HITPOINT WARNING * * *
You bump into the rock wall.
Sigmund hits you from afar with a scythe of flaming!
* * * LOW HITPOINT WARNING * * *
Sigmund burns you.
You die...

..............#.(.......#
..............#.........#
#.....[.......#.........#
#.............'.........#
#.............##........#
#.......).....##........#
#.............######+####
#...#....@....+ ###
##.%...@..# #..###+###
#.... #..... #.......
....#+##. ..... .# l.....
#


You could see Sigmund (invisible).

Vanquished Creatures
  A giant frog zombie (D:4)
  An orc wizard (D:4)
  A worker ant (D:4)
  An adder (D:3)
  An ooze (D:3)
  A giant gecko (D:1)
  3 orcs (D:4)
  A bat (D:1)
  2 giant cockroaches
  3 hobgoblins (D:1)
  9 jackals
  6 kobolds
  A giant gecko skeleton (D:4)
  6 giant newts
  A quokka (D:2)
  3 rats
41 creatures vanquished.

Notes
Turn   | Place    | Note
--------------------------------------------------------------
     0 | D:1      | karlkraus the Formicid Fighter began the quest for the Orb.
     0 | D:1      | Reached XP level 1. HP: 18/18 MP: 1/1
   149 | D:1      | Reached XP level 2. HP: 18/24 MP: 2/2
   449 | D:1      | Reached skill level 4 in Shields
   695 | D:1      | Reached XP level 3. HP: 24/29 MP: 3/3
   950 | D:2      | You fall through a shaft for 2 floors!
  1186 | D:4      | Reached skill level 1 in Dodging
  1186 | D:4      | Reached XP level 4. HP: 23/37 MP: 4/4
  1294 | D:4      | Found a glowing golden altar of the Shining One.
  1370 | D:4      | Reached XP level 5. HP: 36/42 MP: 5/5
  1622 | D:2      | Noticed Sigmund
  1651 | D:2      | HP: 1/42 [Sigmund/scythe of flaming (8)]
  1651 | D:2      | Slain by Sigmund

Vault maps used:
D:1:      dpeg_arrival_chase
D:2:      old_standard_altar, first_bread, minmay_divided_ellipse, uniq_sigmund
D:3:      yredelemnul_forgotten_temple_becter
D:4:      minitemple, kennysheep_mini_moat, minmay_misc_feat_four_crosses,
          tso_altar

Action                   |  1- 3 |  4- 6 || total
-------------------------+-------+-------++-------
Melee: Trident           |   138 |    72 ||   210
  Use: Potion            |       |     1 ||     1
  Eat: Chunk             |       |     1 ||     1
